Workbook

Sheet PLANILHA ORÇAMENTÁRIA
A2: A N E X O I I
A4: PLANILHA ORÇAMENTÁRIA DE CUSTOS
A5: PREFEITURA: PREFEITURA MUNICIPAL DE BRASILIA DE MINAS /MG
A6: OBRA: REFORMA DA PRAÇA DA MATRIZ | H6: DATA: | I6: 45917
A7: LOCAL: CENTRO - BRASILIA DE MINAS/MG | F7: FORMA DE EXECUÇÃO
A8: REGIÃO/MÊS DE REFERÊNCIA: SETOP NORTE OUTUBRO 2022 DESONERADO / COTAÇOES | F8: ( ) | G8: DIRETA | H8: ( x ) | I8: INDIRETA
A9: ISS DO MUNICÍPIO: 3 %
A10: PRAZO PRAZO DE EXECUÇÃO: 4 Mêses | F10: LDI: | I10: 0.2946
A11: ITEM | B11: FONTE | C11: CÓDIGO | D11: DESCRIÇÃO | E11: UNIDADE | F11: QUANTIDADE | G11: PREÇO UNITÁRIO S/ LDI | H11: PREÇO UNITÁRIO C/ LDI | I11: PREÇO TOTAL
A12: 1 | D12: SERVIÇOS PRELIMINARES
A13: 1.1 | B13: ED-50635 | C13: SETOP | D13: PLACA DE INAUGURAÇÃO EM ALUMÍNIO FUNDIDO 85 X 50 CM | E13: cj | F13: 1 | G13: 946.22 | H13: =ROUND((G13*(1+$I$10)),2) -> 1224.98 | I13: =ROUND((F13*H13),2) -> 1224.98 | J13: OK
A14: SUB -TOTAL DO ITEM 1 | I14: =SUM(I13:I13) -> 1224.98
A16: 2 | D16: DEMOLIÇÃO E TERRAPLANAGEM
A17: 2.1 | B17: ED-28444 | C17: SETOP | D17: TAPUME FIXO DE PROTEÇÃO PARA FECHAMENTO DE OBRA EM TELHA METÁLICA GALVANIZADA, TIPO TRAPEZOIDAL, ESP. 0,5MM, COM MÓDULO NA DIMENSÃO DE (300X220)CM, COM REAPROVEITAMENTO, EXCLUSIVE PINTURA ESMALTE, INCLUSIVE PONTALETE E FIXAÇÃO | E17: M | F17: 112.86 | G17: 166.43 | H17: =ROUND((G17*(1+$I$10)),2) -> 215.46 | I17: =ROUND(F17*H17,2) -> 24316.82
A18: 2.2 | B18: ED-48440 | C18: SETOP | D18: DEMOLIÇÃO MANUAL DE CONCRETO, SEM ARMAÇÃO, INCLUSIVE AFASTAMENTO E EMPILHAMENTO, EXCLUSIVE TRANSPORTE E RETIRADA DO MATERIAL DEMOLIDO | E18: M3 | F18: =MEMORIA!I26 -> 8.85 | G18: 234.24 | H18: =ROUND((G18*(1+$I$10)),2) -> 303.25 | I18: =ROUND(F18*H18,2) -> 2683.76 | J18: OK
A19: 2.3 | B19: RO-41602 | C19: SETOP | D19: Demolição mecânica de concreto armado | E19: M³ | F19: 28 | G19: 184.19 | H19: =ROUND((G19*(1+$I$10)),2) -> 238.45 | I19: =ROUND(F19*H19,2) -> 6676.6
A20: 2.4 | B20: ED-51123 | C20: SETOP | D20: REGULARIZAÇÃO E COMPACTAÇÃO DE TERRENO COM PLACA VIBRATÓRIA | E20: M2 | F20: =MEMORIA!I38 -> 18.21 | G20: 4.14 | H20: =ROUND((G20*(1+$I$10)),2) -> 5.36 | I20: =ROUND(F20*H20,2) -> 97.61 | J20: OK
A21: 2.5 | B21: ED-51132 | C21: SETOP | D21: CARGA DE MATERIAL DE QUALQUER NATUREZA SOBRE CAMINHÃO - MECÂNICA | E21: M3 | F21: =MEMORIA!I44 -> 18.21 | G21: 2.92 | H21: =ROUND((G21*(1+$I$10)),2) -> 3.78 | I21: =ROUND(F21*H21,2) -> 68.83 | J21: OK
A22: 2.6 | B22: ED-51129 | C22: SETOP | D22: TRANSPORTE DE MATERIAL DE QUALQUER NATUREZA EM CAMINHÃO 2 KM < DMT <= 5 KM (DENTRO DO PERÍMETRO URBANO) | E22: M3xKM | F22: =MEMORIA!I50 -> 97.97 | G22: 4.97 | H22: =ROUND((G22*(1+$I$10)),2) -> 6.43 | I22: =ROUND(F22*H22,2) -> 629.95 | J22: OK
A23: SUB -TOTAL DO ITEM 2 | I23: =SUM(I17:I22) -> 34473.57
A25: 3 | D25: PAVIMENTAÇÃO E CONSTRUÇÃO DE PASSEIO
A26: 3.1 | B26: ED-50417 | C26: SETOP | D26: EXECUÇÃO DE PAVIMENTO INTERTRAVADO, ESPESSURA 6CM, FCK 35MPA, INCLUINDO FORNECIMENTO E TRANSPORTE DE TODOS OS MATERIAIS E COLCHÃO DE ASSENTAMENTO COM ESPESSURA 6CM | E26: M2 | F26: =MEMORIA!I58 -> 660.47 | G26: 67.6 | H26: =ROUND((G26*(1+$I$10)),2) -> 87.51 | I26: =ROUND(F26*H26,2) -> 57797.73 | J26: OK
A27: 3.2 | B27: ED-50586 | C27: SETOP | D27: PISO PODOTÁTIL DE CONCRETO, ALERTA, APLICADO EM PISO (40X40CM) COM JUNTA SECA, COR VERMELHO/AMARELO, ASSENTAMENTO COM ARGAMASSA INDUSTRIALIZADA, INCLUSIVE FORNECIMENTO E INSTALAÇÃO | E27: M2 | F27: =MEMORIA!I64 -> 6.64 | G27: 120.57 | H27: =ROUND((G27*(1+$I$10)),2) -> 156.09 | I27: =ROUND(F27*H27,2) -> 1036.44 | J27: OK
A28: 3.3 | B28: ED-50587 | C28: SETOP | D28: PISO PODOTÁTIL DE CONCRETO, DIRECIONAL, APLICADO EM PISO (40X40CM) COM JUNTA SECA, COR VERMELHO/AMARELO, ASSENTAMENTO COM ARGAMASSA INDUSTRIALIZADA, INCLUSIVE FORNECIMENTO E INSTALAÇÃO | E28: M2 | F28: =MEMORIA!I70 -> 67.88 | G28: 120.13 | H28: =ROUND((G28*(1+$I$10)),2) -> 155.52 | I28: =ROUND(F28*H28,2) -> 10556.7 | J28: OK
A29: 3.4 | B29: ED-51148 | C29: SETOP | D29: RAMPA PARA ACESSO DE DEFICIENTE, EM CONCRETO SIMPLES FCK = 25 MPA, DESEMPENADA, COM PINTURA INDICATIVA, 02 DEMÃOS | E29: U | F29: 8 | G29: 371.1 | H29: =ROUND((G29*(1+$I$10)),2) -> 480.43 | I29: =ROUND(F29*H29,2) -> 3843.44 | J29: OK
A30: 3.5 | B30: ED-51139 | C30: SETOP | D30: GUIA DE MEIO-FIO, EM CONCRETO COM FCK 20MPA, PRÉ-MOLDADA, MFC-01 PADRÃO DER-MG, DIMENSÕES (12X16,7X35)CM, EXCLUSIVE SARJETA, INCLUSIVE ESCAVAÇÃO, APILOAMENTO E TRANSPORTE COM RETIRADA DO MATERIAL ESCAVADO (EM CAÇAMBA) | E30: M | F30: =MEMORIA!D81 -> 640.08 | G30: 51.19 | H30: =ROUND((G30*(1+$I$10)),2) -> 66.27 | I30: =ROUND(F30*H30,2) -> 42418.1 | J30: OK
A31: 3.6 | B31: RO-40234 | C31: SETOP | D31: PASSEIOS DE CONCRETO E = 6 CM, FCK = 10 MPA, JUNTA SECA | E31: M³ | F31: 21.85 | G31: 49.38 | H31: =ROUND((G31*(1+$I$10)),2) -> 63.93 | I31: =ROUND(F31*H31,2) -> 1396.87
A32: 3.7 | B32: ED-51123 | C32: SETOP | D32: REGULARIZAÇÃO E COMPACTAÇÃO DE TERRENO COM PLACA VIBRATÓRIA | E32: M² | F32: 364.23 | G32: 4.14 | H32: =ROUND((G32*(1+$I$10)),2) -> 5.36 | I32: =ROUND(F32*H32,2) -> 1952.27
A34: SUB -TOTAL DO ITEM 3 | I34: =SUM(I26:I32) -> 119001.55 | N34: 68000
N35: 505.2
A36: 4 | D36: URBANIZAÇÃO | N36: =N34/N35 -> 134.60016
A37: 4.1 | B37: ED-50436 | C37: SETOP | D37: PLANTIO DE GRAMA SÃO CARLOS EM PLACAS, INCLUSIVE TERRA VEGETAL E CONSERVAÇÃO POR TRINTA (30) DIAS | E37: M2 | F37: 680.42 | G37: 33.77 | H37: =ROUND((G37*(1+$I$10)),2) -> 43.72 | I37: =ROUND((F37*H37),2) -> 29747.96 | J37: OK
A38: 4.2 | B38: =B22 -> ED-51129 | C38: =C22 -> SETOP | D38: =D22 -> TRANSPORTE DE MATERIAL DE QUALQUER NATUREZA EM CAMINHÃO 2 KM < DMT <= 5 KM (DENTRO DO PERÍMETRO URBANO) | E38: =E22 -> M3xKM | F38: 20.41 | G38: =G22 -> 4.97 | H38: =ROUND((G38*(1+$I$10)),2) -> 6.43 | I38: =ROUND((F38*H38),2) -> 131.24 | J38: OK
A39: 4.3 | B39: COTAÇÃO 02 | C39: MERCADO | D39: BANCO EM ESTRUTURA MISTA COM FERRAGEM E MADEIRA COM 8 RÉGUAS DIMENSÃO DE 1,5 METROS DE LARGURA | E39: UM | F39: 32 | G39: =COTAÇÕES!F10 -> 1149.5033 | H39: =ROUND((G39*(1+$I$10)),2) -> 1488.15 | I39: =ROUND((F39*H39),2) -> 47620.8 | J39: OK
A40: SUB -TOTAL DO ITEM 3 | I40: =SUM(I37:I39) -> 77500
A44: 5 | D44: INSTALAÇÕES ELÉTRICAS
A45: 5.1 | B45: ED-49497 | C45: COTAÇÃO | D45: POSTE DECORATIVO PARA 2 LUMINARIA | E45: UN | F45: 12 | G45: =COTAÇÕES!F5 -> 850.94 | H45: =ROUND((G45*(1+$I$10)),2) -> 1101.63 | I45: =ROUND((F45*H45),2) -> 13219.56 | J45: OK
A46: 5.2 | B46: ED-20580 | C46: SETOP | D46: ENTRADA DE ENERGIA AÉREA, TIPO B2, PADRÃO CEMIG, CARGA INSTALADA DE 10,1KW ATÉ 15KW, BIFÁSICO, COM SAÍDA SUBTERRÂNEA, INCLUSIVE POSTE, CAIXA PARA MEDIDOR, DISJUNTOR, BARRAMENTO, ATERRAMENTO E ACESSÓRIOS | E46: UN | F46: 1 | G46: 2839.56 | H46: =ROUND((G46*(1+$I$10)),2) -> 3676.09 | I46: =ROUND((F46*H46),2) -> 3676.09 | J46: OK
A47: 5.3 | B47: ED-49499 | C47: SETOP | D47: QUADRO DE DISTRIBUIÇÃO PARA 12 MÓDULOS COM BARRAMENTO E CHAVE | E47: UN | F47: 1 | G47: 182.24 | H47: =ROUND((G47*(1+$I$10)),2) -> 235.93 | I47: =ROUND((F47*H47),2) -> 235.93 | J47: OK
A48: 5.4 | B48: ED-49187 | C48: SETOP | D48: CAIXA DE LIGAÇÃO/PASSAGEM EM PVC RÍGIDO PARA ELETRODUTO, DIMENSÕES 4"X2", EMBUTIDA EM ALVENARIA - FORNECIMENTO E INSTALAÇÃO | E48: UN | F48: 3 | G48: 8.24 | H48: =ROUND((G48*(1+$I$10)),2) -> 10.67 | I48: =ROUND((F48*H48),2) -> 32.01 | J48: OK
A49: 5.5 | B49: ED-49155 | C49: SETOP | D49: CAIXA DE PASSAGEM EM CHAPA DE AÇO COM TAMPA APARAFUSADA, SOBREPOR, 302 X 302 X 122 MM | E49: UN | F49: 13 | G49: 123.79 | H49: =ROUND((G49*(1+$I$10)),2) -> 160.26 | I49: =ROUND((F49*H49),2) -> 2083.38 | J49: OK
A50: 5.6 | B50: ED-49197 | C50: SETOP | D50: CAIXA DE INSPEÇÃO EM CONCRETO, TIPO "ZA" PASSEIO, PADRÃO CEMIG, DIMENSÃO (28X28)CM, ALTURA 40CM, COM TAMPA E ARO ARTICULADO EM FERRO FUNDIDO, INCLUSIVE ESCAVAÇÃO, APILOAMENTO, LASTRO DE BRITA, REATERRO E TRANSPORTE E RETIRADA DO MATERIAL ESCAVADO (EM CAÇAMBA) | E50: UN | F50: 1 | G50: 194.6 | H50: =ROUND((G50*(1+$I$10)),2) -> 251.93 | I50: =ROUND((F50*H50),2) -> 251.93 | J50: OK
A51: 5.7 | B51: ED-49268 | C51: SETOP | D51: DISJUNTOR BIPOLAR TERMOMAGNÉTICO 5KA, DE 10A | E51: UN | F51: 1 | G51: 47.91 | H51: =ROUND((G51*(1+$I$10)),2) -> 62.02 | I51: =ROUND((F51*H51),2) -> 62.02 | J51: OK
A52: 5.8 | B52: ED-49278 | C52: SETOP | D52: DISJUNTOR BIPOLAR TERMOMAGNÉTICO 5KA, DE 60A | E52: UN | F52: 1 | G52: 49.71 | H52: =ROUND((G52*(1+$I$10)),2) -> 64.35 | I52: =ROUND((F52*H52),2) -> 64.35 | J52: OK
A53: 5.9 | B53: ED-15117 | C53: SETOP | D53: DISJUNTOR DE PROTEÇÃO DIFERENCIAL RESIDUAL (DR), TETRAPOLAR, TIPO DIN, CORRENTE NOMINAL DE 63A, ALTA SENSIBILIDADE, CORRENTE DIFERENCIAL RESIDUAL NOMINAL COM ATUAÇÃO DE 30MA | E53: UN | F53: 1 | G53: 152.67 | H53: =ROUND((G53*(1+$I$10)),2) -> 197.65 | I53: =ROUND((F53*H53),2) -> 197.65 | J53: OK
A54: 5.10 | B54: ED-49527 | C54: SETOP | D54: SUPRESSOR DE SURTO PARA PROTEÇÃO PRIMÁRIA EM QGD, ATÉ 1,5 KV - 5 KA | E54: UN | F54: 1 | G54: 275.46 | H54: =ROUND((G54*(1+$I$10)),2) -> 356.61 | I54: =ROUND((F54*H54),2) -> 356.61 | J54: OK
A55: 5.11 | B55: ED-13343 | C55: SETOP | D55: LÂMPADA LED, BASE E27, POTÊNCIA 15W, BULBO A65, TEMPERATURA DA COR 6500K, TENSÃO 110-127V, FORNECIMENTO E INSTALAÇÃO, EXCLUSIVE LUMINÁRIA | E55: UN | F55: 24 | G55: 14.42 | H55: =ROUND((G55*(1+$I$10)),2) -> 18.67 | I55: =ROUND((F55*H55),2) -> 448.08 | J55: OK
A56: 5.12 | B56: ED-49523 | C56: SETOP | D56: RELÉ FOTOELÉTRICO, TENSÃO 120V COM CAPACIDADE DE CARGA 1200VA, INCLUSIVE BASE E INSTALAÇÃO | E56: UN | F56: 1 | G56: 38.06 | H56: =ROUND((G56*(1+$I$10)),2) -> 49.27 | I56: =ROUND((F56*H56),2) -> 49.27 | J56: OK
A57: 5.13 | B57: ED-48971 | C57: SETOP | D57: CABO DE COBRE FLEXÍVEL, CLASSE 5, ISOLAMENTO TIPO LSHF/ ATOX, NÃO HALOGENADO, ANTICHAMA, TERMOPLÁSTICO, UNIPOLAR, SEÇÃO 16 MM2, 70°C, 450/750V | E57: M | F57: 17.9 | G57: 19.68 | H57: =ROUND((G57*(1+$I$10)),2) -> 25.48 | I57: =ROUND((F57*H57),2) -> 456.09 | J57: OK
... A62: 5.18 | B62: ED-17953 | C62: SETOP | D62: ELETRODUTO FLEXÍVEL CORRUGADO, PVC, ANTI-CHAMA, DN 32MM (1"), APLICADO EM ALVENARIA, EXCLUSIVE RASGO | E62: M | F62: 39 | G62: 7.28 | H62: =ROUND((G62*(1+$I$10)),2) -> 9.42 | I62: =ROUND((F62*H62),2) -> 367.38 | J62: OK
A63: SUB -TOTAL DO ITEM 3 | I63: =SUM(I45:I62) -> 28097.13
A65: 6 | D65: MURO ARRIMO
A66: 6.1 | D66: FUNDAÇÕES
A67: 6.1.1 | B67: TER-ESC-035 | C67: SETOP | D67: ESCAVAÇÃO MECÂNICA DE VALAS COM DESCARGA LATERAL H<= 1,50 M | E67: M³ | F67: =MEMORIA!I228 -> 3.8 | G67: 8.54 | H67: =ROUND((G67*(1+$I$10)),2) -> 11.06 | I67: =ROUND((F67*H67),2) -> 42.03 | J67: ok
A68: 6.1.2 | B68: ED-49810 | C68: SETOP | D68: FORMA E DESFORMA DE TÁBUA E SARRAFO, REAPROVEITAMENTO (3X) (FUNDAÇÃO) | E68: M² | F68: =MEMORIA!I234 -> 75.96 | G68: 58.57 | H68: =ROUND((G68*(1+$I$10)),2) -> 75.82 | I68: =ROUND((F68*H68),2) -> 5759.29 | J68: ok
A69: 6.1.3 | B69: ED-49629 | C69: SETOP | D69: FORNECIMENTO DE CONCRETO ESTRUTURAL, USINADO, COM FCK 20 MPA, INCLUSIVE LANÇAMENTO, ADENSAMENTO E ACABAMENTO | E69: M³ | F69: =MEMORIA!I241 -> 17.72 | G69: 712.12 | H69: =ROUND((G69*(1+$I$10)),2) -> 921.91 | I69: =ROUND((F69*H69),2) -> 16336.25 | J69: ok
A70: 6.1.4 | B70: ED-48192 | C70: SETOP | D70: ALVENARIA DE VEDAÇÃO COM BLOCO DE CONCRETO, ESP. 14CM, PARA REVESTIMENTO, INCLUSIVE ARGAMASSA PARA ASSENTAMENTO | E70: m2 | F70: 23.46 | G70: 59.79 | H70: =ROUND((G70*(1+$I$10)),2) -> 77.4 | I70: =ROUND((F70*H70),2) -> 1815.8 | J70: OK
A71: 6.1.5 | B71: ED-48298 | C71: SETOP | D71: CORTE, DOBRA E MONTAGEM DE AÇO CA-50/60 | E71: KG | F71: 592.88 | G71: 13.08 | H71: =ROUND((G71*(1+$I$10)),2) -> 16.93 | I71: =ROUND((F71*H71),2) -> 10037.46 | J71: ok
A72: 6.1.6 | B72: RO-40234 | C72: SETOP | D72: Reaterro e compactação manual de vala | E72: M³ | F72: =MEMORIA!D258 -> 28.53 | G72: 31.53 | H72: =ROUND((G72*(1+$I$10)),2) -> 40.82 | I72: =ROUND((F72*H72),2) -> 1164.59 | J72: ok
A73: SUB -TOTAL DO ITEM 3 | I73: =SUM(I67:I72) -> 35155.42
A75: 7 | D75: PINTURA
A76: 7.1 | B76: ED-50514 | C76: SETOP | D76: PREPARAÇÃO PARA EMASSAMENTO OU PINTURA (LÁTEX/ ACRÍLICA) EM PAREDE, INCLUSIVE UMA (1) DEMÃO DE SELADOR ACRÍLICO | E76: M² | F76: 13.58 | G76: 5.3 | H76: =ROUND((G76*(1+$I$10)),2) -> 6.86 | I76: =F76*H76 -> 93.1588
A77: 7.2 | B77: ED-9013 | C77: SETOP | D77: PINTURA COM TEXTURA ACRÍLICA COM DESEMPENADEIRA DE AÇO, EXCLUSIVE SELADOR ACRÍLICO/FUNDO PREPARADOR | E77: M² | F77: 27.16 | G77: 21.9 | H77: =ROUND((G77*(1+$I$10)),2) -> 28.35 | I77: =F77*H77 -> 769.986
A78: SUB -TOTAL DO ITEM 4 | I78: =SUM(I76:I77) -> 863.1448
A81: VALOR TOTAL DA OBRA: | I81: =I14+I34+I40+I63+I73+I78+I23 -> 296315.79
C82: ________________________________________________________ | E82: _____________________________________________________
C83: Luan Gonçalves Matos | E83: Prefeito Municipal
C84: CREA/MG 199.844/D-MG | E84: Marcus Vinicius Ferreira Carvalho

Sheet BDI
A2: DEMONSTRATIVO DO BDI - COM DESONERAÇÃO - OBRA DE EDIFICAÇÃO
A4: BDI (CONFORME ACÓRDÃO Nº 2622/13 e LEI Nº 13.161 DE 31/08/15)
A5: DISCRIMINAÇÃO DAS PARCELAS | B5: SIG. (1) | C5: CONSTRUÇÃO DE EDIFÍCIOS | J5: INC. (5)
C6: ISS (2) | G6: DIFERENCIADO
C7: 0.02 | D7: 0.03 | E7: 0.04 | F7: 0.05 | G7: MATERIAL (3) | H7: SERVIÇO TERCEIRIZADO (4) (ISS=5%)
A8: CUSTO DIRETO | B8: CD | C8: 1 | D8: 1 | E8: 1 | F8: 1 | G8: 1 | H8: 1
A9: ADMINISTRAÇÃO CENTRAL | B9: AC | C9: 0.055 | D9: 0.055 | E9: 0.055 | F9: 0.055 | G9: 0.0342 | H9: 0.04 | J9: CD
A10: LUCRO BRUTO | B10: L | C10: 0.075 | D10: 0.075 | E10: 0.075 | F10: 0.075 | G10: 0.0494 | H10: 0.0616 | J10: CD
A11: DESPESAS FINANCEIRAS | B11: DF | C11: 0.0096 | D11: 0.0096 | E11: 0.0096 | F11: 0.0096 | G11: 0.0096 | H11: 0.0096 | J11: CD
A12: SEGUROS, GARANTIAS E RISCO | C12: =SUM(C13:C14) -> 0.0227 | D12: =SUM(D13:D14) -> 0.0227 | E12: =SUM(E13:E14) -> 0.0227 | F12: =SUM(F13:F14) -> 0.0227 | G12: =SUM(G13:G14) -> 0.0129 | H12: =SUM(H13:I14) -> 0.0177 | J12: CD
A13: SEGUROS + GARANTIAS | B13: S | C13: 0.01 | D13: 0.01 | E13: 0.01 | F13: 0.01 | G13: 0.0053 | H13: 0.008 | J13: CD
A14: RISCO(*) | B14: R | C14: 0.0127 | D14: 0.0127 | E14: 0.0127 | F14: 0.0127 | G14: 0.0076 | H14: 0.0097 | J14: CD
A15: TRIBUTOS | B15: I | C15: =SUM(C16:C18) -> 0.0465 | D15: =SUM(D16:D18) -> 0.0515 | E15: =SUM(E16:E18) -> 0.0565 | F15: =SUM(F16:F18) -> 0.0615 | G15: =SUM(G16:G18) -> 0.0365 | H15: =SUM(H16:I18) -> 0.0615 | J15: PV
A16: ISS | B16: ISS(2) | C16: 0.01 | D16: 0.015 | E16: 0.02 | F16: 0.025 | G16: - | H16: 0.025 | J16: PV
A17: PIS | B17: PIS | C17: 0.0065 | D17: 0.0065 | E17: 0.0065 | F17: 0.0065 | G17: 0.0065 | H17: 0.0065 | J17: PV
A18: COFINS | B18: - | C18: 0.03 | D18: 0.03 | E18: 0.03 | F18: 0.03 | G18: 0.03 | H18: 0.03 | J18: PV
A19: CPRB | B19: INSS | C19: 0.045 | D19: 0.045 | E19: 0.045 | F19: 0.045 | G19: 0.045 | H19: 0.045 | J19: PV
A21: FÓRMULA DO BDI | C21: (1 + (AC + S + G + R)) x (1 + DF) x (1 + L)
C22: (1 - (I + CPRB))
A23: BDI (NUMERADOR) | C23: =(1+(C9+C12))*(1+C11)*(1+C10)-1 -> 0.16964936 | D23: =(1+(D9+D12))*(1+D11)*(1+D10)-1 -> 0.16964936 | E23: =(1+(E9+E12))*(1+E11)*(1+E10)-1 -> 0.16964936 | F23: =(1+(F9+F12))*(1+F11)*(1+F10)-1 -> 0.16964936 | G23: =(1+(G9+G12))*(1+G11)*(1+G10)-1 -> 0.10937548 | H23: =(1+(H9+H12))*(1+H11)*(1+H10)-1 -> 0.13363372
A24: BDI (DENOMINADOR) | C24: =(1-(C15+C19)) -> 0.9085 | D24: =(1-(D15+D19)) -> 0.9035 | E24: =(1-(E15+E19)) -> 0.8985 | F24: =(1-(F15+F19)) -> 0.8935 | G24: =(1-(G15+G19)) -> 0.9185 | H24: =(1-(H15+H19)) -> 0.8935
A25: BDI | C25: =(1+C23)/C24-1 -> 0.28745114 | D25: =(1+D23)/D24-1 -> 0.29457594 | E25: =(1+E23)/E24-1 -> 0.30178004 | F25: =(1+F23)/F24-1 -> 0.30906476 | G25: =(1+G23)/G24-1 -> 0.20781217 | H25: =(1+H23)/H24-1 -> 0.26875626
A27: OBSERVAÇÕES
A28: (1) SIGLA. (2) QUANTO AO ISS O TCU ORIENTA OBSERVAR A LEGISLAÇÃO DO MUNICÍPIO. NO REFERIDO ACÓRDÃO O TCU PARTIU DA PREMISSA DE INCIDÊNCIA DO ISS EM 50% DO PREÇO DE VENDA, COM PERCENTUAIS DE 2%, 3%, 4% E 5%. (3) BDI DIFERENCIADO A SER APLICADO EM CASOS DE FORNECIMENTO DE MATERIAIS E EQUIPAMENTOS. EX. ELEVADOR, ESCADAS ROLANTES, EQUIPAMENTOS DE REFRIGERAÇÃO ETC. (4) BDI DIFERENCIADO A SER APLICADO PARA SERVIÇOS TERCEIRIZADOS. (5) INCIDÊNCIA.
C31: ___________________________ Marcelo Braga Padiglione Engenheiro Civil CREA 146.219/D

Sheet MEMORIA
A1: MEMORIA DE CÁCULO
A2: OBJETO: | B2: REFORMA DA PRAÇA DO CENTENÁRIO NO BAIRRO ALTO CLARO
A3: LOCAL: | B3: BAIRRO ALTO CLARO BRASILIA DE MINAS/MG
A4: REGIÃO/MÊS DE REFERÊNCIA: SETOP NORTE OUTUBRO 2022 DESONERADO / SINAPI
A5: PRAÇA DO CENTENÁRIO
A6: ='PLANILHA ORÇAMENTÁRIA'!D12 -> SERVIÇOS PRELIMINARES
A8: DESCRIÇÃO: | B8: ='PLANILHA ORÇAMENTÁRIA'!A13 -> 1.1 | C8: ='PLANILHA ORÇAMENTÁRIA'!C13 -> SETOP | D8: ='PLANILHA ORÇAMENTÁRIA'!D13 -> PLACA DE INAUGURAÇÃO EM ALUMÍNIO FUNDIDO 85 X 50 CM
A9: CÓDIGO: | B9: ='PLANILHA ORÇAMENTÁRIA'!B13 -> ED-50635
D10: Compr. | E10: Larg. | F10: Altura | G10: Repet. | I10: Área Total (m²) | J10: OBS:
D11: 0.85 | E11: 0.5 | I11: =ROUND((D11*E11),2) -> 0.43 | J11: CONFORME PROJETO
A12: TOTAL | I12: =ROUND((I11),2) -> 0.43
A14: ='PLANILHA ORÇAMENTÁRIA'!D16 -> DEMOLIÇÃO E TERRAPLANAGEM
A15: DESCRIÇÃO: | B15: 2.1 | C15: SETOP | D15: ='PLANILHA ORÇAMENTÁRIA'!D17 -> TAPUME FIXO DE PROTEÇÃO PARA FECHAMENTO DE OBRA EM TELHA METÁLICA GALVANIZADA, TIPO TRAPEZOIDAL, ESP. 0,5MM, COM MÓDULO NA DIMENSÃO DE (300X220)CM, COM REAPROVEITAMENTO, EXCLUSIVE PINTURA ESMALTE, INCLUSIVE PONTALETE E FIXAÇÃO
A16: CÓDIGO: | B16: ='PLANILHA ORÇAMENTÁRIA'!B13 -> ED-50635
D17: M | I17: METRO (m) | J17: OBS:
D18: ='PLANILHA ORÇAMENTÁRIA'!F17 -> 112.86 | I18: =D18 -> 112.86 | J18: CONFORME PROJETO
A19: TOTAL | I19: =ROUND((I18),2) -> 112.86
A23: DESCRIÇÃO: | B23: ='PLANILHA ORÇAMENTÁRIA'!A18 -> 2.2 | C23: ='PLANILHA ORÇAMENTÁRIA'!C18 -> SETOP | D23: ='PLANILHA ORÇAMENTÁRIA'!D18 -> DEMOLIÇÃO MANUAL DE CONCRETO, SEM ARMAÇÃO, INCLUSIVE AFASTAMENTO E EMPILHAMENTO, EXCLUSIVE TRANSPORTE E RETIRADA DO MATERIAL DEMOLIDO | K23: OK
A24: CÓDIGO: | B24: ='PLANILHA ORÇAMENTÁRIA'!B18 -> ED-48440
D25: ÁREA M² | E25: Espessura | I25: Volume (m3) | J25: OBS:
D26: 44.24 | E26: 0.2 | I26: =ROUND((D26*E26),2) -> 8.85 | J26: MURETA DE CONTENÇÕES EXISTENTE
A27: TOTAL | I27: =ROUND((I26),2) -> 8.85
A28: DESCRIÇÃO: | B28: ='PLANILHA ORÇAMENTÁRIA'!A19 -> 2.3 | C28: ='PLANILHA ORÇAMENTÁRIA'!C13 -> SETOP | D28: ='PLANILHA ORÇAMENTÁRIA'!D19 -> Demolição mecânica de concreto armado
A29: CÓDIGO: | B29: ='PLANILHA ORÇAMENTÁRIA'!B19 -> RO-41602
D30: =I25 -> Volume (m3) | I30: Volume Total (m³) | J30: OBS:
A31: COMPACTAÇÃO NA OBRA | D31: ='PLANILHA ORÇAMENTÁRIA'!F19 -> 28 | I31: =D31 -> 28 | J31: RESERVATÓRIO DE ÁGUA EXISTENTE
A32: TOTAL | I32: =ROUND((I31),2) -> 28
A35: DESCRIÇÃO: | B35: ='PLANILHA ORÇAMENTÁRIA'!A20 -> 2.4 | C35: ='PLANILHA ORÇAMENTÁRIA'!C20 -> SETOP | D35: ='PLANILHA ORÇAMENTÁRIA'!D20 -> REGULARIZAÇÃO E COMPACTAÇÃO DE TERRENO COM PLACA VIBRATÓRIA
A36: CÓDIGO: | B36: ='PLANILHA ORÇAMENTÁRIA'!B20 -> ED-51123 | K36: OK
D37: ÁREA M² | E37: Espessura | I37: Volume Total (m³) | J37: OBS:
A38: COMPACTAÇÃO NA OBRA | D38: 364.23 | E38: 0.05 | I38: =ROUND((D38*E38),2) -> 18.21 | J38: CONFORME PROJETO
A39: TOTAL | I39: =ROUND((I38),2) -> 18.21
A41: DESCRIÇÃO: | B41: ='PLANILHA ORÇAMENTÁRIA'!A21 -> 2.5 | C41: ='PLANILHA ORÇAMENTÁRIA'!C21 -> SETOP | D41: ='PLANILHA ORÇAMENTÁRIA'!D21 -> CARGA DE MATERIAL DE QUALQUER NATUREZA SOBRE CAMINHÃO - MECÂNICA
A42: CÓDIGO: | B42: ='PLANILHA ORÇAMENTÁRIA'!B21 -> ED-51132 | K42: OK
D43: ÁREA M² | E43: Espessura | I43: =I37 -> Volume Total (m³) | J43: OBS:
A44: BOTA FORA | D44: =D38 -> 364.23 | E44: 0.05 | I44: =ROUND((D44*E44),2) -> 18.21 | J44: CONFORME PROJETO
A45: TOTAL | I45: =ROUND((I44),2) -> 18.21
A47: DESCRIÇÃO: | B47: ='PLANILHA ORÇAMENTÁRIA'!A22 -> 2.6 | C47: SETOP | D47: ='PLANILHA ORÇAMENTÁRIA'!D22 -> TRANSPORTE DE MATERIAL DE QUALQUER NATUREZA EM CAMINHÃO 2 KM < DMT <= 5 KM (DENTRO DO PERÍMETRO URBANO) | K47: OK
A48: CÓDIGO: | B48: ='PLANILHA ORÇAMENTÁRIA'!B22 -> ED-51129
D49: VOLUME | E49: Distancia | I49: Volume x Distancia (m3xkm) | J49: OBS:
A50: =A44 -> BOTA FORA | D50: =I45 -> 18.21 | E50: 5.38 | I50: =ROUND((D50*E50),2) -> 97.97 | J50: CONFORME PROJETO
A51: TOTAL | I51: =ROUND((I50),2) -> 97.97
A53: ='PLANILHA ORÇAMENTÁRIA'!D25 -> PAVIMENTAÇÃO E CONSTRUÇÃO DE PASSEIO
A55: DESCRIÇÃO: | B55: ='PLANILHA ORÇAMENTÁRIA'!A26 -> 3.1 | C55: SETOP | D55: ='PLANILHA ORÇAMENTÁRIA'!D26 -> EXECUÇÃO DE PAVIMENTO INTERTRAVADO, ESPESSURA 6CM, FCK 35MPA, INCLUINDO FORNECIMENTO E TRANSPORTE DE TODOS OS MATERIAIS E COLCHÃO DE ASSENTAMENTO COM ESPESSURA 6CM | K55: ok
A56: CÓDIGO: | B56: ='PLANILHA ORÇAMENTÁRIA'!B26 -> ED-50417
D57: ÁREA M² | I57: Área (m²) | J57: OBS:
A58: PASSEIO INTERTRAVADO | D58: 660.47 | I58: =D58 -> 660.47 | J58: ÁREA RETIRADA DE PROJETO
A59: TOTAL | I59: =ROUND((I58),2) -> 660.47
A61: DESCRIÇÃO: | B61: ='PLANILHA ORÇAMENTÁRIA'!A27 -> 3.2 | C61: SETOP | D61: ='PLANILHA ORÇAMENTÁRIA'!D27 -> PISO PODOTÁTIL DE CONCRETO, ALERTA, APLICADO EM PISO (40X40CM) COM JUNTA SECA, COR VERMELHO/AMARELO, ASSENTAMENTO COM ARGAMASSA INDUSTRIALIZADA, INCLUSIVE FORNECIMENTO E INSTALAÇÃO | K61: ok
A62: CÓDIGO: | B62: ='PLANILHA ORÇAMENTÁRIA'!B27 -> ED-50586
D63: COMPRIMENTO | E63: LARGURA | I63: Área (m²) | J63: OBS:
A64: PISO DE ALERTA | D64: 16.6 | E64: 0.4 | I64: =ROUND((D64*E64),2) -> 6.64 | J64: Conforme projeto
A65: TOTAL | I65: =ROUND((I64),2) -> 6.64
A67: DESCRIÇÃO: | B67: ='PLANILHA ORÇAMENTÁRIA'!A28 -> 3.3 | C67: SETOP | D67: ='PLANILHA ORÇAMENTÁRIA'!D28 -> PISO PODOTÁTIL DE CONCRETO, DIRECIONAL, APLICADO EM PISO (40X40CM) COM JUNTA SECA, COR VERMELHO/AMARELO, ASSENTAMENTO COM ARGAMASSA INDUSTRIALIZADA, INCLUSIVE FORNECIMENTO E INSTALAÇÃO | K67: ok
A68: CÓDIGO: | B68: ='PLANILHA ORÇAMENTÁRIA'!B28 -> ED-50587
D69: COMPRIMENTO | E69: LARGURA | I69: Área (m²) | J69: OBS:
A70: PISO DIRECIONAL | D70: 169.69 | E70: 0.4 | I70: =ROUND((D70*E70),2) -> 67.88 | J70: Conforme projeto
A71: TOTAL | I71: =ROUND((I70),2) -> 67.88
A72: DESCRIÇÃO: | B72: ='PLANILHA ORÇAMENTÁRIA'!A29 -> 3.4 | C72: SETOP | D72: ='PLANILHA ORÇAMENTÁRIA'!D29 -> RAMPA PARA ACESSO DE DEFICIENTE, EM CONCRETO SIMPLES FCK = 25 MPA, DESEMPENADA, COM PINTURA INDICATIVA, 02 DEMÃOS | K72: OK
A73: CÓDIGO: | B73: ='PLANILHA ORÇAMENTÁRIA'!B29 -> ED-51148
D74: UNIDADE | I74: Unidadade | J74: OBS:
D75: 8 | I75: =ROUND((D75),2) -> 8 | J75: CONFORME PROJETO
A76: TOTAL | I76: =ROUND((I75),2) -> 8
A78: DESCRIÇÃO: | B78: ='PLANILHA ORÇAMENTÁRIA'!A30 -> 3.5 | C78: SETOP | D78: ='PLANILHA ORÇAMENTÁRIA'!D30 -> GUIA DE MEIO-FIO, EM CONCRETO COM FCK 20MPA, PRÉ-MOLDADA, MFC-01 PADRÃO DER-MG, DIMENSÕES (12X16,7X35)CM, EXCLUSIVE SARJETA, INCLUSIVE ESCAVAÇÃO, APILOAMENTO E TRANSPORTE COM RETIRADA DO MATERIAL ESCAVADO (EM CAÇAMBA) | K78: OK
A79: CÓDIGO: | B79: ='PLANILHA ORÇAMENTÁRIA'!B30 -> ED-51139
D80: COMPRIMENTO | I80: Comprimento (un) | J80: OBS:
A81: MEIO FIO | D81: 640.08 | I81: =ROUND((D81),2) -> 640.08 | J81: Canteiros, e calçada externa
A82: TOTAL | I82: =ROUND((I81),2) -> 640.08
A83: DESCRIÇÃO: | B83: ='PLANILHA ORÇAMENTÁRIA'!A31 -> 3.6 | C83: SETOP | D83: ='PLANILHA ORÇAMENTÁRIA'!D31 -> PASSEIOS DE CONCRETO E = 6 CM, FCK = 10 MPA, JUNTA SECA
A84: CÓDIGO: | B84: ='PLANILHA ORÇAMENTÁRIA'!B31 -> RO-40234 | K84: OK
D85: ÁREA | E85: EXPESSURA | I85: Comprimento (un) | J85: OBS:
A86: MEIO FIO | D86: 364.23 | E86: 0.06 | I86: =ROUND((D86*E86),2) -> 21.85 | J86: Canteiros, e calçada externa
A87: TOTAL | I87: =ROUND((I86),2) -> 21.85
A88: DESCRIÇÃO: | B88: ='PLANILHA ORÇAMENTÁRIA'!A32 -> 3.7 | C88: SETOP | D88: ='PLANILHA ORÇAMENTÁRIA'!D32 -> REGULARIZAÇÃO E COMPACTAÇÃO DE TERRENO COM PLACA VIBRATÓRIA | K88: OK
A89: CÓDIGO: | B89: ='PLANILHA ORÇAMENTÁRIA'!B32 -> ED-51123
D90: COMPRIMENTO | I90: Comprimento (un) | J90: OBS:
A91: MEIO FIO | D91: ='PLANILHA ORÇAMENTÁRIA'!F32 -> 364.23 | I91: =ROUND((D91),2) -> 364.23 | J91: Canteiros, e calçada externa
A92: TOTAL | I92: =ROUND((I91),2) -> 364.23
A94: ='PLANILHA ORÇAMENTÁRIA'!D36 -> URBANIZAÇÃO
A96: DESCRIÇÃO: | B96: ='PLANILHA ORÇAMENTÁRIA'!A37 -> 4.1 | C96: SETOP | D96: ='PLANILHA ORÇAMENTÁRIA'!D37 -> PLANTIO DE GRAMA SÃO CARLOS EM PLACAS, INCLUSIVE TERRA VEGETAL E CONSERVAÇÃO POR TRINTA (30) DIAS | K96: OK
A97: CÓDIGO: | B97: ='PLANILHA ORÇAMENTÁRIA'!B37 -> ED-50436
D98: VOLUME | E98: DISTANCIA | I98: Área (m²) | J98: OBS:
A99: PALMEIRAS | D99: 680.42 | I99: =ROUND((D99),2) -> 680.42 | J99: CONFORME PROJETO
A100: TOTAL | I100: =ROUND((I99),2) -> 680.42
A103: DESCRIÇÃO: | B103: ='PLANILHA ORÇAMENTÁRIA'!A38 -> 4.2 | C103: SETOP | D103: ='PLANILHA ORÇAMENTÁRIA'!D38 -> TRANSPORTE DE MATERIAL DE QUALQUER NATUREZA EM CAMINHÃO 2 KM < DMT <= 5 KM (DENTRO DO PERÍMETRO URBANO) | K103: OK
A104: CÓDIGO: | B104: ='PLANILHA ORÇAMENTÁRIA'!B38 -> ED-51129
D105: ='PLANILHA ORÇAMENTÁRIA'!E38 -> M3xKM | I105: =D105 -> M3xKM | J105: OBS:
A106: LIXEIRAS DUPLAS | D106: ='PLANILHA ORÇAMENTÁRIA'!F38 -> 20.41 | I106: =ROUND((D106),2) -> 20.41 | J106: conforme projeto
A107: TOTAL | I107: =ROUND((I106),2) -> 20.41
A108: DESCRIÇÃO: | B108: ='PLANILHA ORÇAMENTÁRIA'!A39 -> 4.3 | C108: SETOP | D108: ='PLANILHA ORÇAMENTÁRIA'!D39 -> BANCO EM ESTRUTURA MISTA COM FERRAGEM E MADEIRA COM 8 RÉGUAS DIMENSÃO DE 1,5 METROS DE LARGURA | K108: OK
A109: CÓDIGO: | B109: ='PLANILHA ORÇAMENTÁRIA'!B39 -> COTAÇÃO 02
D110: Quantidade | I110: Quantidade (U) | J110: OBS:
A111: POSTE | D111: ='PLANILHA ORÇAMENTÁRIA'!F39 -> 32 | I111: =D111 -> 32 | J111: CONFORME PROJETO
A112: TOTAL | I112: =I111 -> 32
A114: DESCRIÇÃO: | B114: ='PLANILHA ORÇAMENTÁRIA'!A45 -> 5.1 | C114: SETOP | D114: ='PLANILHA ORÇAMENTÁRIA'!D45 -> POSTE DECORATIVO PARA 2 LUMINARIA | K114: ok
A115: CÓDIGO: | B115: ='PLANILHA ORÇAMENTÁRIA'!B45 -> ED-49497
D116: Quantidade | I116: Quantidade (U) | J116: OBS:
A117: POSTE | D117: ='PLANILHA ORÇAMENTÁRIA'!F45 -> 12 | I117: =D117 -> 12 | J117: CONFORME PROJ. ELÉTRICO
A118: TOTAL | I118: =I117 -> 12
A120: DESCRIÇÃO: | B120: ='PLANILHA ORÇAMENTÁRIA'!A46 -> 5.2 | C120: SETOP | D120: ENTRADA DE ENERGIA AÉREA, TIPO B2, PADRÃO CEMIG, CARGA INSTALADA DE 10,1KW ATÉ 15KW, BIFÁSICO, COM SAÍDA SUBTERRÂNEA, INCLUSIVE POSTE, CAIXA PARA MEDIDOR, DISJUNTOR, BARRAMENTO, ATERRAMENTO E ACESSÓRIOS | K120: ok
...

Sheet CRONOGRAMA
A3: ='[1]PLANILHA ORÇAMENTÁRIA (PRAÇA F)'!A6:I6 -> PREFEITURA: PREFEITURA MUNICIPAL DE BRASILIA DE MINAS /MG
A4: ='PLANILHA ORÇAMENTÁRIA'!A6:G6 -> OBRA: REFORMA DA PRAÇA DA MATRIZ | M4: ='PLANILHA ORÇAMENTÁRIA'!I6 -> 45917
A5: ='PLANILHA ORÇAMENTÁRIA'!A7:E7 -> LOCAL: CENTRO - BRASILIA DE MINAS/MG | J5: FORMA DE EXECUÇÃO: | L5: LDI | M5: ='PLANILHA ORÇAMENTÁRIA'!I10 -> 0.2946
A6: ='PLANILHA ORÇAMENTÁRIA'!A8:E8 -> REGIÃO/MÊS DE REFERÊNCIA: SETOP NORTE OUTUBRO 2022 DESONERADO / COTAÇOES | J6: ( ) | K6: DIRETA | L6: ( X ) | M6: INDIRETA
A7: PRAZO DE EXECUÇÃO: 4 Mêses
A8: CRONOGRAMA FÍSICO - FINANCEIRO
A9: ITEM | B9: DISCRIMINAÇÃO DE SERVIÇOS | D9: VALOR DOS SERVIÇOS | E9: PESO % | K9: SERVIÇOS A EXECUTAR
F10: MÊS 01 | H10: MÊS 02 | J10: MÊS 03 | L10: MÊS 04
F11: SIMPL.% | G11: ACUM. % | H11: SIMPL.% | I11: ACUM. % | J11: SIMPL.% | K11: ACUM. % | L11: SIMPL.% | M11: ACUM. %
B12: TÉRREO
A13: 1 | B13: ='PLANILHA ORÇAMENTÁRIA'!D12 -> SERVIÇOS PRELIMINARES | D13: ='PLANILHA ORÇAMENTÁRIA'!I14 -> 1224.98 | E13: =IF(D13=0,0,D13/D$21) -> 0.0041340354 | F13: 1 | G13: =F13 -> 1 | I13: =G13+H13 -> 1 | K13: =I13+J13 -> 1 | M13: =K13+L13 -> 1
A14: 2 | B14: ='PLANILHA ORÇAMENTÁRIA'!D16 -> DEMOLIÇÃO E TERRAPLANAGEM | D14: ='PLANILHA ORÇAMENTÁRIA'!I23 -> 34473.57 | E14: =IF(D14=0,0,D14/D$21) -> 0.11634064 | F14: 1 | G14: =F14 -> 1 | I14: =G14+H14 -> 1 | K14: =I14+J14 -> 1 | M14: =K14+L14 -> 1
A15: 3 | B15: ='PLANILHA ORÇAMENTÁRIA'!D25 -> PAVIMENTAÇÃO E CONSTRUÇÃO DE PASSEIO | D15: ='PLANILHA ORÇAMENTÁRIA'!I34 -> 119001.55 | E15: =IF(D15=0,0,D15/D$21) -> 0.4016038 | F15: 0.5 | G15: =F15 -> 0.5 | H15: 0.5 | I15: =G15+H15 -> 1 | K15: =I15+J15 -> 1 | M15: =K15+L15 -> 1
A16: 4 | B16: ='PLANILHA ORÇAMENTÁRIA'!D36 -> URBANIZAÇÃO | D16: ='PLANILHA ORÇAMENTÁRIA'!I40 -> 77500 | E16: =IF(D16=0,0,D16/D$21) -> 0.26154529 | H16: 0.5 | I16: =G16+H16 -> 0.5 | J16: 0.5 | K16: =I16+J16 -> 1 | M16: =K16+L16 -> 1
A17: 5 | B17: ='PLANILHA ORÇAMENTÁRIA'!D44 -> INSTALAÇÕES ELÉTRICAS | D17: ='PLANILHA ORÇAMENTÁRIA'!I63 -> 28097.13 | E17: =IF(D17=0,0,D17/D$21) -> 0.094821574 | F17: 0.25 | G17: =F17 -> 0.25 | H17: 0.25 | I17: =G17+H17 -> 0.5 | J17: 0.25 | K17: =I17+J17 -> 0.75 | L17: 0.25 | M17: =K17+L17 -> 1
A18: 6 | B18: ='PLANILHA ORÇAMENTÁRIA'!D66 -> FUNDAÇÕES | D18: ='PLANILHA ORÇAMENTÁRIA'!I73 -> 35155.42 | E18: =IF(D18=0,0,D18/D$21) -> 0.11864173 | H18: 1 | I18: =G18+H18 -> 1 | K18: =I18+J18 -> 1 | M18: =K18+L18 -> 1
A19: 8 | B19: ='PLANILHA ORÇAMENTÁRIA'!D75 -> PINTURA | D19: ='PLANILHA ORÇAMENTÁRIA'!I78 -> 863.1448 | E19: =IF(D19=0,0,D19/D$21) -> 0.002912922 | K19: =I19+J19 -> 0 | L19: 1 | M19: =K19+L19 -> 1
F20: 0.5 | G20: =F20 -> 0.5 | H20: 0.5 | I20: =G20+H20 -> 1 | K20: =I20+J20 -> 1 | M20: =K20+L20 -> 1
A21: Total em percentual | D21: =SUM(D13:D20) -> 296315.79 | E21: =SUM(E13:E20) -> 1
A22: Total em real | F22: =$D$13*F13+$D$14*F14+$D$15*F15+$D$16*F16+$D$17*F17+$D$18*F18+$D$19*F19+$D$20*F20 -> 102223.61 | G22: =F22 -> 102223.61 | H22: =$D$13*H13+$D$14*H14+$D$15*H15+$D$16*H16+$D$17*H17+$D$18*H18+$D$19*H19+$D$20*H20 -> 140430.48 | I22: =G22+H22 -> 242654.08 | J22: =$D$13*J13+$D$14*J14+$D$15*J15+$D$16*J16+$D$17*J17+$D$18*J18+$D$19*J19+$D$20*J20 -> 45774.283 | K22: =I22+J22 -> 288428.37 | L22: =$D$13*L13+$D$14*L14+$D$15*L15+$D$16*L16+$D$17*L17+$D$18*L18+$D$19*L19+$D$20*L20 -> 7887.4273 | M22: =K22+L22 -> 296315.79
C24: ='[2]Memória de Cálculo '!B70 -> _______________________________________ Prefeito Municipal Marcus Vinicius Ferreira Carvalho | H24: _____________________________________ Luan Gonçalves Matos Engenheiro Civil CREA 146.219/D

Sheet COTAÇÕES
A1: COTAÇÕES MATERIAIS
A3: ITEM | B3: PRODUTO | C3: COTAÇÕES (INCLUSO FRETE) | F3: ADOTADO (MÉDIA)
C4: COTAÇÃO 01 https://www.inspirehome.com.br/poste-de-luz-saturno-duplo-externo-220x70x40cm-aco-fosfatizado-e-vidro-ideal-iluminac-o-p-28-25146199/p?utm_source=chatgpt.com | D4: COTAÇÃO 02-https://www.mercadolivre.com.br/poste-jardim-com-globo-220m-frete-gratis/up/MLBU1089976681?utm_source=chatgpt.com | E4: COTAÇÃO 3-https://www.lojaeletrica.com.br/poste-ideal-preto-globo-boca-10-2xe27-2-20m-pi28-2.html?mp_feed=MTozOkdhcUdwanR6WEV5eXpJQVZYQTRxOUtHcnhjSE1wTnFvMHJUdFp5OD0%3D&utm_source=chatgpt.com
A5: 1 | B5: Poste Luminária Dupla | C5: 1013.68 | D5: 626.69 | E5: 912.45 | F5: =AVERAGE(C5,D5,E5) -> 850.94
A6: COTAÇÕES MATERIAIS BANCOS
A8: ITEM | B8: PRODUTO | C8: COTAÇÕES (INCLUSO FRETE) | F8: ADOTADO (MÉDIA)
C9: COTAÇÃO 01 https://www.magazineluiza.com.br/banco-de-jardim-tamandua-estilo-praca-150cm-10-reguas-madeira-stok/p/ae270j3ah8/mo/bcae/?seller_id=madeirastok&region_id=123466&utm_source=google&utm_medium=cpc&utm_term=84427&utm_campaign=google_eco_per_ven_pla_mo_sor_3p_mo1-mo2-b-0326&utm_content=&partner_id=84427&gclsrc=aw.ds&gad_source=1&gad_campaignid=23594815623&gclid=CjwKCAjwtcHPBhADEiwAWo3sJlDeoqfPgBxAgMIeLCjWYIuLR0JgBkHGI0kBGQ28nMg4ur7Shb_KYBoC3G8QAvD_BwE | D9: COTAÇÃO 02https://www.kinderplay.com.br/carrinho/index | E9: COTAÇÃO 3-https://www.leroymerlin.com.br/banco-de-jardim-tamandua-em-ferro-8-reguas-madeira-verniz_1572159949?gad_campaignid=23686328093#caracteristicas-tecnicas
A10: 1 | B10: Banco de praça pública | C10: 682.8 | D10: 1883.85 | E10: 881.86 | F10: =AVERAGE(C10,D10,E10) -> 1149.5033
C12: =CRONOGRAMA!H24 -> _____________________________________ Luan Gonçalves Matos Engenheiro Civil CREA 146.219/D

Sheet MEMORIA DE CALCULO FERRAGEM
A1: ESTRUTURA | B1: COMPR. | C1: QUAN. | D1: UND | E1: C.TOTAL (m) | F1: BITOLA | G1: PESO/M | H1: PESO
A2: ARRANQUE | B2: 135 | C2: 4 | D2: 14 | E2: =(B2*C2*D2)/100 -> 75.6 | F2: 10MM | G2: 0.617 | H2: =ROUND(E2*G2,2) -> 46.65 | J2: =ROUND(H2*1.1,2) -> 51.32
A3: SAPATAS | B3: 73 | C3: 12 | D3: 14 | E3: =(B3*C3)/100 -> 8.76 | F3: 8MM | G3: 0.395 | H3: =ROUND(E3*G3,2) -> 3.46 | J3: =ROUND(H3*1.1,2) -> 3.81
A4: PILAR | B4: 100 | C4: 4 | D4: 14 | E4: =(B4*C4*D4)/100 -> 56 | F4: 10MM | G4: 0.617 | H4: =ROUND(E4*G4,2) -> 34.55 | J4: =ROUND(H4*1.1,2) -> 38.01
A5: ESTRIBO PILAR | B5: 73 | C5: 7 | D5: 14 | E5: =(B5*C5*D5)/100 -> 71.54 | F5: 5MM | G5: 0.154 | H5: =ROUND(E5*G5,2) -> 11.02 | J5: =ROUND(H5*1.1,2) -> 12.12
A6: ESTRIBO ARRANQUE | B6: 80 | C6: 9 | D6: 14 | E6: =(B6*C6*D6)/100 -> 100.8 | F6: 5MM | G6: 0.154 | H6: =ROUND(E6*G6,2) -> 15.52 | J6: =ROUND(H6*1.1,2) -> 17.07
A7: ESTRIBO VIGAS | B7: 80 | C7: 232 | D7: 2 | E7: =(B7*C7*D7)/100 -> 371.2 | F7: 5MM | G7: 0.154 | H7: =ROUND(E7*G7,2) -> 57.16 | J7: =ROUND(H7*1.1,2) -> 62.88
A8: VIGAS | B8: 3809 | C8: 4 | D8: 2 | E8: =(B8*C8*D8)/100 -> 304.72 | F8: 8MM | G8: 0.395 | H8: =ROUND(E8*G8,2) -> 120.36 | J8: =ROUND(H8*1.1,2) -> 132.4
A9: 5MM | B9: =H5+H6+H7 -> 83.7 | C9: KG
A10: 8MM | B10: =H3+H8 -> 123.82 | C10: KG
A11: 10MM | B11: =H2+H4 -> 81.2 | C11: KG
A13: PESO TOTAL | B13: =SUM(B9:B11) -> 288.72 | C13: =ROUND(B13*1.1,2) -> 317.59
A16: FORMA VIGAS | B16: 63.51 | C16: 0.2 | D16: 4 | F16: =B16*C16*D16 -> 50.808
A17: FORMA PILARES | B17: 26 | C17: 1 | D17: 0.2 | E17: 2 | F17: =B17*C17*D17*E17 -> 10.4
F19: =F16+F17 -> 61.208 | G19: =F19*1.1 -> 67.3288
B20: 3460
B21: 2891
B22: =B20+B21 -> 6351

Sheet Planilha1
A1: ESTRUTURA | B1: COMPR. | C1: QUAN. | D1: UND | E1: C.TOTAL (m) | F1: BITOLA | G1: PESO/M | H1: PESO
A2: ARRANQUE | B2: 135 | C2: 4 | D2: 12 | E2: =(B2*C2*D2)/100 -> 64.8 | F2: 10MM | G2: 0.617 | H2: =ROUND(E2*G2,2) -> 39.98 | J2: =ROUND(H2*1.1,2) -> 43.98
A3: SAPATAS | B3: 73 | C3: 12 | D3: 12 | E3: =(B3*C3)/100 -> 8.76 | F3: 8MM | G3: 0.395 | H3: =ROUND(E3*G3,2) -> 3.46 | J3: =ROUND(H3*1.1,2) -> 3.81
A4: PILAR | B4: 100 | C4: 4 | D4: 12 | E4: =(B4*C4*D4)/100 -> 48 | F4: 10MM | G4: 0.617 | H4: =ROUND(E4*G4,2) -> 29.62 | J4: =ROUND(H4*1.1,2) -> 32.58
A5: ESTRIBO PILAR | B5: 80 | C5: 7 | D5: 12 | E5: =(B5*C5*D5)/100 -> 67.2 | F5: 5MM | G5: 0.154 | H5: =ROUND(E5*G5,2) -> 10.35 | J5: =ROUND(H5*1.1,2) -> 11.39
A6: ESTRIBO ARRANQUE | B6: 80 | C6: 9 | D6: 12 | E6: =(B6*C6*D6)/100 -> 86.4 | F6: 5MM | G6: 0.154 | H6: =ROUND(E6*G6,2) -> 13.31 | J6: =ROUND(H6*1.1,2) -> 14.64
A7: ESTRIBO VIGAS | B7: 80 | C7: 232 | D7: 2 | E7: =(B7*C7*D7)/100 -> 371.2 | F7: 5MM | G7: 0.154 | H7: =ROUND(E7*G7,2) -> 57.16 | J7: =ROUND(H7*1.1,2) -> 62.88
A8: VIGAS | B8: 3050 | C8: 4 | D8: 2 | E8: =(B8*C8*D8)/100 -> 244 | F8: 8MM | G8: 0.395 | H8: =ROUND(E8*G8,2) -> 96.38 | J8: =ROUND(H8*1.1,2) -> 106.02
A9: 5MM | B9: =H5+H6+H7 -> 80.82 | C9: KG
A10: 8MM | B10: =H3+H8 -> 99.84 | C10: KG
A11: 10MM | B11: =H2+H4 -> 69.6 | C11: KG
A13: PESO TOTAL | B13: =SUM(B9:B11) -> 250.26 | C13: =ROUND(B13*1.1,2) -> 275.29
F27: =C13 -> 275.29
F28: ='MEMORIA DE CALCULO FERRAGEM'!C13 -> 317.59
F29: =F27+F28 -> 592.88
